 Dungeon Sprint DCSS version 0.29-a0-330-g52719c12eb (webtiles) character file.

Game seed: 9842999691443472052

1670 jt the Imperceptible (level 8, -10/37 HPs)
             Began as a Spriggan Brigand on Apr 30, 2022.
             Was a Follower of Makhleb.
             Mangled by a rust devil (12 damage)
             ... summoned by a kobold demonologist
             ... while paralysed by a floating eye
             ... in the Dungeon (Sprint I: "Red Sonja").
             The game lasted 00:02:09 (347 turns).

jt the Imperceptible (Spriggan Brigand)              Turns: 347, Time: 00:02:10

Health: -10/37     AC: -13   Str:  7    XL:     8   Next: 69%
Magic:  9/9        EV:  4    Int: 12    God:    Makhleb [*.....]
Gold:   866        SH:  0    Dex: 19    Spells: 7/7 levels left

rFire   . . .      SeeInvis +   a - +2 dagger
rCold   . . .      Faith    .   (no shield)
rNeg    . . .      Spirit   .   b - +0 robe
rPois   .          Reflect  .   (helmet restricted)
rElec   .          Harm     .   c - +0 cloak
rCorr   .          Rampage  .   (gloves unavailable)
Will    +....      NoTele   +   (boots unavailable)
Stlth   ++++++++..              (no amulet)
HPRegen 0.12/turn               (no ring)
MPRegen 0.11/turn               (no ring)

@: paralysed, corroded, very quick
A: very small, no large weapons, unfitting armour, see invisible, speed 3
a: Renounce Religion


You were in the Dungeon.
You worshipped Makhleb.
Makhleb was aware of your devotion.
You visited 1 branch You collected 866 gold pieces.

Inventory:

Hand Weapons
 a - a +2 dagger (weapon)
 m - a +5 club
 p - a +0 dagger of venom
Missiles
 d - 9 poisoned darts (quivered)
 e - 6 curare-tipped darts
 n - 25 stones
Armour
 b - a +0 robe (worn)
 c - a +0 cloak (worn)
Wands
 l - a wand of iceblast (7)
 o - a wand of paralysis (8)
Scrolls
 k - a scroll of blinking
 q - a scroll of identify {unknown}
 s - a scroll of amnesia {unknown}
Potions
 f - 4 potions of curing
 g - a potion of heal wounds
 h - a potion of haste
 i - 2 potions of magic
 j - 2 potions of berserk rage
 r - a potion of degeneration {unknown}


   Skills:
 - Level 1.5 Fighting
 - Level 2.1 Short Blades
 + Level 4.9 Throwing
 - Level 1.3 Dodging
 + Level 21.4 Stealth
 + Level 16.3 Evocations


You had 7 spell levels left.
You didn't know any spells.
Your spell library was empty.

Dungeon Overview and Level Annotations

Branches:
Dungeon (1/1)

Altars:
Cheibriados
Dithmenos
Elyvilon
Fedhas
Gozag
Hepliaklqana
Kikubaaqudgha
Makhleb
Nemelex Xobeh
Okawaru
Qazlal
Ru
Sif Muna
Trog
Uskayaw
Vehumet
Wu Jian
Xom
Yredelemnul
Zin
The Shining One
Jiyva
Lugonu

Shops:
D [[[


Innate Abilities, Weirdness & Mutations

You are very small and have problems with some larger weapons.
You are too small for most types of armour.
You have supernaturally acute eyesight. (SInv)
You cover ground extremely quickly. (Speed+++)


Message History

There is an open door here.
You see here a deep troll corpse.
There is an open door here.
There is an open door here.
There is an ornate altar of the Wu Jian Council here.
There is an open door here.
There is an open door here.
There is an open door here.
You open the door.
A kobold demonologist comes into view. It is wielding a +0 dagger.
A floating eye and a kobold demonologist come into view.
There is an open door here.
The kobold demonologist shouts!
The floating eye turns its gaze towards you.
The kobold demonologist shouts!
The kobold demonologist hits you with a +0 dagger.
The floating eye's view fixates on you.
You hit the floating eye.
The floating eye is lightly wounded.
The kobold demonologist casts a spell. x2
The floating eye gazes piercingly through you!
You suddenly lose the ability to move!
The kobold demonologist hits you but does no damage.
The kobold demonologist hits you with a +0 dagger.
The rust devil hits you. The rust devil corrodes you!
The kobold demonologist gestures wildly while chanting.
The kobold demonologist hits you with a +0 dagger.
The rust devil hits you. The rust devil corrodes you!
The rust devil barely misses you. The floating eye's view fixates on you.
The kobold demonologist hits you with a +0 dagger.
The kobold demonologist looks satisfied for a moment.
The rust devil closely misses you. The rust devil hits you.
The rust devil corrodes you! The crimson imp hits you.
The kobold demonologist looks braver for a moment.
The kobold demonologist hits you with a +0 dagger.
The crimson imp completely misses you. The rust devil hits you!
* * * LOW HITPOINT WARNING * * *
The rust devil corrodes you! The rust devil hits you!
You die...

####################
'..#.)'..#__#..54K5#
#.)'..#..'..'..#@G5#
##'#####'#__####K4.+
#..#...#.#### #####
####..##.#
___##'#_.+
∩...'..._#
.__##_.#'##+###
___###'#.#....###
######.####'###.##


You could see 2 rust devils, 2 kobold demonologists, a floating eye (charged),
an iron imp (summoned), a crimson imp (summoned) and an ufetubus (summoned).

Vanquished Creatures
  Sonja (D)
  A deep troll (D)
  A slime creature (D)
  Sigmund (D)
  A yak (D)
  An ogre (D)
  A jelly (D)
  Ijyb (D)
  A ballistomycete spore (D)
9 creatures vanquished.

Vanquished Creatures (others)
  A ballistomycete spore (D)
1 creature vanquished.

Grand Total: 10 creatures vanquished

Notes
Turn   | Place    | Note
-------+----------+-------------------------------------------
     0 | D        | jt the Spriggan Brigand began the quest for the Orb.
     0 | D        | Reached XP level 1. HP: 10/10 MP: 2/2
     2 | D        | Noticed Ijyb
     4 | D        | Killed Ijyb
     5 | D        | Reached skill level 10 in Stealth
     5 | D        | Reached XP level 2. HP: 14/14 MP: 3/3
    10 | D        | Noticed an ogre
    12 | D        | Killed an ogre
    13 | D        | Reached skill level 13 in Stealth
    13 | D        | Reached XP level 3. HP: 18/18 MP: 4/4
    13 | D        | Reached XP level 4. HP: 22/22 MP: 5/5
    23 | D        | Noticed Sigmund
    25 | D        | Killed Sigmund
    26 | D        | Reached skill level 15 in Stealth
    26 | D        | Reached XP level 5. HP: 25/25 MP: 6/6
    34 | D        | Found a burning altar of Makhleb.
    34 | D        | Found a shimmering altar of Xom.
    34 | D        | Noticed a slime creature
    35 | D        | Found a viscous altar of Jiyva.
    35 | D        | Found a corrupted altar of Lugonu.
    37 | D        | Killed a slime creature
    38 | D        | Reached skill level 17 in Stealth
    38 | D        | Reached XP level 6. HP: 30/30 MP: 7/7
    53 | D        | Became a worshipper of Makhleb the Destroyer
    59 | D        | Found a shimmering blue altar of Sif Muna.
    60 | D        | Found an ornate altar of the Wu Jian Council.
    61 | D        | Found a radiant altar of Vehumet.
    95 | D        | Found Dorus's Armour Emporium.
    95 | D        | Found an ancient bone altar of Kikubaaqudgha.
    95 | D        | Found a hazy altar of Hepliaklqana.
    95 | D        | Found a hide-covered altar of Uskayaw.
    95 | D        | Found a basalt altar of Yredelemnul.
    95 | D        | Found an opulent altar of Gozag.
    95 | D        | Found a snail-covered altar of Cheibriados.
    95 | D        | Found a sacrificial altar of Ru.
    95 | D        | Found a shadowy altar of Dithmenos.
    95 | D        | Noticed a yak
    98 | D        | Killed a yak
    99 | D        | Reached skill level 18 in Stealth
    99 | D        | Reached XP level 7. HP: 33/33 MP: 8/8
    99 | D        | Found a stormy altar of Qazlal.
    99 | D        | Found a blossoming altar of Fedhas.
    99 | D        | Found a bloodstained altar of Trog.
    99 | D        | Found an iron altar of Okawaru.
    99 | D        | Found a glowing golden altar of the Shining One.
    99 | D        | Found a glowing silver altar of Zin.
    99 | D        | Found a white marble altar of Elyvilon.
   100 | D        | Found a sparkling altar of Nemelex Xobeh.
   109 | D        | Noticed Sonja
   114 | D        | Killed Sonja
   114 | D        | Reached * piety under Makhleb
   115 | D        | Reached skill level 20 in Stealth
   115 | D        | Reached skill level 15 in Evocations
   115 | D        | Reached XP level 8. HP: 37/37 MP: 9/9
   130 | D        | Found Betil's Antique Armour Boutique.
   275 | D        | Noticed a deep troll
   279 | D        | Killed a deep troll
   280 | D        | Reached skill level 21 in Stealth
   289 | D        | Found Uteiw's Armour Emporium.
   340 | D        | Noticed a kobold demonologist
   341 | D        | Noticed a kobold demonologist
   343 | D        | Paralysed by a floating eye for 4 turns
   344 | D        | Noticed a rust devil
   344 | D        | Noticed a rust devil
   347 | D        | Mangled by a rust devil

Illustrated notes

Levels and vault maps discovered:
D:        dungeon_sprint_1 [red_sonja_temple_1, red_sonja_temple_small_1]

Skill      XL: |  1  2  3  4  5  6  7  8 |
---------------+-------------------------+-----
Stealth        | 10 13 15 17 18 20 21 | 21.4
Evocations     | 6 9 12 13 15 16 | 16.3
Throwing       | 4 |  4.9
Fighting       | |  1.5
Short Blades   | |  2.1
Dodging        | |  1.3

Action                   |  1- 3 |  4- 6 |  7- 9 || total
-------------------------+-------+-------+-------++-------
Melee: Dagger            |     2 |     4 |     3 ||     9
Throw: Stone             |       |       |     3 ||     3
Evoke: Wand              |       |     2 |     1 ||     3
 Stab: Sleeping          |     2 |     3 |     1 ||     6
       Paralysed         |       |     1 |     1 ||     2
Armor: Robe              |       |       |     2 ||     2
Dodge: Dodged            |       |     1 |     6 ||     7

Table legend: (Time is in decaauts)
 A = Elapsed time spent in this place.
 B = Non-inter-level travel time spent in this place.
 C = Inter-level travel time spent in this place.
 D = Time resting spent in this place.
 E = Time spent auto-exploring this place.
 F = Levels seen in this place.
 G = Mean time per level.
                   A        B        C        D        E       F      G
               +--------+--------+--------+--------+--------+-----+--------+
         Total |    276 |    276 |      0 |     88 |      0 |   1 |  276.0 |
       Dungeon |    276 |    276 |      0 |     88 |      0 |   1 |  276.0 |
               +--------+--------+--------+--------+--------+-----+--------+

Top non-repeatable levels by time:
       D: 276 daAuts
